 Dungeon Crawl Stone Soup version 0.29.0-11-gd7f09526c8 (webtiles) character file.

Game seed: 1564664996964641072

301 sanka the Insei (level 6, -3/41 HPs)
             Began as a Merfolk Earth Elementalist on Sept 3, 2022.
             Killed by divine providence
             ... invoked by an orc priest
              (12 damage)
             ... on level 4 of the Dungeon.
             The game lasted 00:05:49 (4843 turns).

sanka the Insei (Merfolk Earth Elementalist)        Turns: 4843, Time: 00:05:50

Health: -3/41      AC: 12    Str:  9    XL:     6   Next: 37%
Magic:  5/9        EV: 12    Int: 16    God:
Gold:   243        SH:  0    Dex: 14    Spells: 8/9 levels left

rFire   . . .      SeeInvis .     - Unarmed
rCold   . . .      Faith    .   (no shield)
rNeg    . . .      Spirit   .   a - +0 robe
rPois   .          Reflect  .   t - +0 helmet
rElec   .          Harm     .   (no cloak)
rCorr   .          Rampage  .   o - +0 pair of gloves
Will    .....                   (no boots)
Stlth   ++........              (no amulet)
HPRegen 0.13/turn               q - +4 ring of protection
MPRegen 0.11/turn               g - +4 ring of protection

@: hasted, very quick
A: (nimble swimmer 2), mertail
a: no special abilities


You were on level 4 of the Dungeon.
You visited 1 branch of the dungeon, and saw 4 of its levels.

You collected 243 gold pieces.


Innate Abilities, Weirdness & Mutations

((You are very nimble when in or above water. (Stealth+, EV+, Speed+++)))
Your lower body shifts to a powerful aquatic tail in water.


   Skills:
 - Level 2.6 Dodging
 - Level 2.1 Stealth
 + Level 6.7 Unarmed Combat
 - Level 2.0 Spellcasting
 - Level 1.3 Transmutations
 - Level 2.4 Earth Magic


You had 8 spell levels left.
You knew the following spells:

 Your Spells              Type           Power      Damage    Failure   Level
z - Sandblast             Erth           18%        2d7       8%          1

Your spell library contained the following spells:

 Spells                   Type           Power      Damage    Failure   Level
 Passwall                 Tmut/Erth      5%         N/A       14%         2
 Wereblood                Tmut           5%         N/A       19%         2
 Blink                    Tloc           2%         N/A       30%         2
 Sublimation of Blood     Necr           1%         N/A       30%         2
 Stone Arrow              Conj/Erth      10%        3d7       36%         3
 Ignite Poison            Fire/Tmut/Pois 3%         N/A       45%         3
 Conjure Flame            Conj/Fire      1%         6-21      52%         3
 Lesser Beckoning         Tloc           1%         N/A       52%         3
 Petrify                  Tmut/Erth      7%         N/A       67%         4
 Sticky Flame             Conj/Fire      1%         2d3       90%         4
 Manifold Assault         Tloc           1%         N/A       99%         5
 Summon Hydra             Summ           0%         N/A       100%        7

Inventory:

Hand Weapons
 w - a +1 whip of distortion
Armour
 a - a +0 robe (worn)
 o - a +0 pair of gloves (worn)
 t - a +0 helmet (worn)
Jewellery
 c - a ring of willpower
 g - a +4 ring of protection (right hand)
 q - a +4 ring of protection (left hand)
Scrolls
 e - a scroll of immolation {unknown}
 h - 2 scrolls of butterflies {unknown}
 j - 5 scrolls of identify {unknown}
 k - a scroll of fear {unknown}
 l - a scroll of enchant armour {unknown}
 m - 2 scrolls of poison {unknown}
 n - 2 scrolls of summoning {unknown}
 p - a scroll of teleportation {unknown}
 x - 2 scrolls of blinking {unknown}
Potions
 b - 3 potions of magic
 d - 3 potions of curing {unknown}
 f - a potion of haste {@q3}
 i - a potion of might {unknown}
 r - 2 potions of invisibility {unknown}
 s - 2 potions of mutation {unknown}
 u - a potion of lignification {unknown}
 v - 2 potions of ambrosia {unknown}
 z - a potion of attraction {unknown}

Dungeon Overview and Level Annotations

Branches:
Dungeon (4/15)
 Temple: D:4-7

Altars:

Shops:
D:2 !

Annotations:
D:2 Grinder
D:3 Terence

▒...▒▒..'....▒ ▒................
▒▒+▒▒▒..▒....▒ ▒................
.....▒..▒▒..▒▒▒▒▒................
▒...▒▒..▒▒..▒......▒▒▒▒..........
▒...▒▒..▒▒..▒......▒ ▒....▒▒▒▒▒▒
▒.>.▒▒..▒...▒......▒ ▒....▒ ▒
.....'..▒▒▒▒▒......▒▒▒▒....▒ ▒
.....▒..▒......▒▒▒▒▒▒......▒
▒▒▒+▒▒▒▒▒......▒m...'......▒
▒.........)....▒o...▒......▒ ▒
▒..............o....▒......▒ ▒
▒.............o▒....▒▒▒▒▒▒▒▒ ▒
▒........>.....▒▒▒▒▒▒▒.....▒ ▒
...▒▒▒▒'▒▒'▒▒▒▒▒▒▒..▒▒.....▒ ▒
...▒.....'..▒.......▒.....▒▒ ▒
...▒.....▒..▒....>..▒.....▒▒ ▒
...▒▒▒..▒▒..▒.......▒......▒ ▒


You could see an orc priest and 2 orcs.


Message History

You barely miss the orc priest.
The orc priest is moderately wounded.
The orc barely misses you.
The orc priest hits you with a +0 falchion.
* * * LOW HITPOINT WARNING * * *
The orc hits you but does no damage. The orc attacks as you move away!
The orc hits you but does no damage. The orc attacks as you move away!
The orc hits you with a +0 short sword.
* * * LOW HITPOINT WARNING * * *
The orc priest attacks as you move away!
The orc priest closely misses you.
The orc priest attacks as you move away!
The orc priest hits you with a +0 falchion.
* * * LOW HITPOINT WARNING * * *
There is an open door here.
The orc attacks as you move away! The orc hits you but does no damage.
The orc attacks as you move away! The orc hits you but does no damage.
The orc priest attacks as you move away!
The orc priest hits you with a +0 falchion.
* * * LOW HITPOINT WARNING * * *
It was a potion of haste.
You feel yourself speed up. The orc closely misses you.
The orc priest calls down the wrath of Beogh upon you.
Beogh smites you!
You die...

Action                   |  1- 3 |  4- 6 || total
-------------------------+-------+-------++-------
Melee: Unarmed           |     5 |    39 ||    44
 Cast: Sandblast         |    54 |    93 ||   147
  Use: Potion            |       |     1 ||     1
Armor: Robe              |    16 |    52 ||    68
Dodge: Dodged            |    34 |    51 ||    85

Levels and vault maps discovered:
D:1:      dpeg_arrival_tiny_h, layout_rooms, st_stairs_3,
          kennysheep_another_room
D:2:      layout_loops_ring, chequers_ecumenical_altar_simple_redux,
          serial_shops, shop_statue, dreamdust_mushroom_princess
D:3:      layout_loops_ring, uniq_grinder, uniq_terence
D:4:      layout_gridville

Notes
Turn   | Place    | Note
-------+----------+-------------------------------------------
     0 | D:1      | sanka the Merfolk Earth Elementalist began the quest for
                  | the Orb.
     0 | D:1      | Reached XP level 1. HP: 13/13 MP: 3/3
   122 | D:1      | Reached skill level 1 in Unarmed Combat
   170 | D:1      | Reached XP level 2. HP: 16/19 MP: 1/5
   285 | D:1      | Reached skill level 2 in Unarmed Combat
   495 | D:2      | Found a faded altar of an unknown god.
   606 | D:2      | Reached skill level 3 in Unarmed Combat
   606 | D:2      | Reached XP level 3. HP: 17/24 MP: 3/6
  1489 | D:2      | Found Wifruetwunei's Distillery.
  1540 | D:2      | Reached XP level 4. HP: 30/30 MP: 5/7
  1916 | D:2      | Reached skill level 4 in Unarmed Combat
  2061 | D:3      | Noticed Grinder
  2378 | D:2      | HP: 2/30 [Grinder (5)]
  2665 | D:3      | Noticed Terence
  3431 | D:4      | Reached XP level 5. HP: 30/35 MP: 3/8
  3582 | D:4      | Reached skill level 5 in Unarmed Combat
  3732 | D:4      | Reached skill level 6 in Unarmed Combat
  3732 | D:4      | Reached XP level 6. HP: 39/41 MP: 6/9
  4843 | D:4      | Killed from afar by an orc priest

Vanquished Creatures
  2 necrophages (D:4)
  A hound (D:4)
  A jelly (D:4)
  5 adders
  A worm (D:4)
  4 orcs
  7 endoplasms
  5 giant cockroaches
  4 goblins (D:1)
  4 hobgoblins
  2 jackals (D:2)
  4 quokkas
  10 ball pythons
  4 bats
  4 frilled lizards
  9 kobolds
  4 rats
71 creatures vanquished.

Vanquished Creatures (others)
  3 fungi (D:2)
3 creatures vanquished.

Grand Total: 74 creatures vanquished
